 Dungeon Crawl Stone Soup version 0.31-a0-845-g9abc20d24f (console) character file.

Game seed: 10006695548630721721

17644 splattery the Reanimator (level 12, -1/91 HPs)
             Began as a Gnoll Necromancer on Oct 2, 2023.
             Was an Initiate of Gozag.
             Slain by a dire elephant (30 damage)
             ... in a Gauntlet on Oct 3, 2023.
             The game lasted 00:42:51 (14824 turns).

splattery the Reanimator (Gnoll Necromancer)       Turns: 14824, Time: 00:42:54

Health: -1/91      AC: 11    Str: 13    XL:     12   Next: 50%
Magic:  2/34       EV: 16    Int: 14    God:    Gozag
Gold:   2861       SH: 11    Dex: 16    Spells: 21/29 levels left

rFire   . . .        a - +2 dagger {pain, rPois rN++ MP+9 Str-3}
rCold   + . .        U - +0 buckler
rNeg    + + .        s - +1 robe {rC+}
rPois   +            z - +2 helmet
rElec   .            (no cloak)
rCorr   .            c - +0 pair of gloves
SInv    +            w - +2 pair of boots
Will    .....        N - amulet of reflection
Stlth   ++++         n - ring of see invisible
HPRegen 0.35/turn    L - +6 ring of strength
MPRegen 0.24/turn

%: no teleportation, reflection
@: no status effects
A: fangs 1, strong nose, distributed training
a: Renounce Religion, Potion Petition, Call Merchant, Bribe Branch


You were in a Gauntlet.
You worshipped Gozag.
Gozag was most pleased with you.
You visited 2 branches of the dungeon, and saw 12 of its levels.
You also visited: Gauntlet and Volcano.

You collected 2881 gold pieces.
You paid 20 gold pieces to Gozag.

Inventory:

Hand Weapons
 a - the +2 dagger "Woatagug" (weapon) {pain, rPois rN++ MP+9 Str-3}
   (You found it on level 1 of the Lair of Beasts)

   Str-3:     It affects your strength (-3).
   rPois:     It protects you from poison rN++: It greatly protects you from
   negative energy.
   MP+9:      It affects your magic capacity (+9).
 b - a +0 dagger of venom
 f - a +2 scimitar of flaming
 m - a +2 whip of electrocution
 v - the +10 falchion "Hydrabane" {drain, *Rage rC++ rN+++ Int-4 Stlth+}
   (You found it on level 4 of the Dungeon)

   Int-4:     It affects your intelligence (-4).
   rC++:      It greatly protects you from cold.
   rN+++:     It renders you almost immune to negative energy.
   *Rage:     It berserks you when you make melee attacks (+20% chance).
   Stlth+:    It makes you more stealthy.
 A - a +5 flail of holy wrath
Missiles
 d - 45 poisoned darts
 B - 2 throwing nets
Armour
 c - a +0 pair of gloves (worn)
 s - a +1 robe of cold resistance (worn)
 w - a +2 pair of boots (worn)
 z - a +2 helmet (worn)
 O - a +0 kite shield
 U - a +0 buckler (worn)
 W - a +3 chain mail of fire resistance
Jewellery
 e - an amulet of magic regeneration
 n - a ring of see invisible (left hand)
 L - a +6 ring of strength (right hand)
 N - an amulet of reflection (around neck)
 Q - a ring of fire
 T - a ring of flight
Wands
 E - a wand of iceblast (17)
 H - a wand of digging (2)
 S - a wand of paralysis (2)
Scrolls
 g - 3 scrolls of enchant weapon
 j - a scroll of poison {unknown}
 p - a scroll of amnesia
 r - a scroll of noise {unknown}
 u - a scroll of silence {unknown}
 x - 2 scrolls of blinking {unknown}
 D - a scroll of enchant armour {unknown}
 I - 2 scrolls of fear
 J - a scroll of vulnerability {unknown}
 M - a scroll of immolation {unknown}
 R - a scroll of teleportation
Potions
 h - 2 potions of might
 i - a potion of berserk rage {unknown}
 k - a potion of curing {unknown}
 l - 4 potions of haste
 o - a potion of heal wounds {unknown}
 q - 3 potions of ambrosia
 t - 3 potions of attraction
 C - 2 potions of brilliance {unknown}
 F - 2 potions of magic
 G - a potion of lignification {unknown}
 K - 3 potions of cancellation
 P - 2 potions of resistance {unknown}
 V - a potion of mutation {unknown}
 X - a potion of invisibility {unknown}


   Skills:
 + Level 7.5 Fighting
 + Level 7.5 Short Blades
 + Level 7.5 Long Blades
 + Level 7.5 Axes
 + Level 7.5 Maces & Flails
 + Level 7.5 Polearms
 + Level 7.5 Staves
 + Level 7.5 Ranged Weapons
 + Level 7.5 Throwing
 + Level 7.5 Armour
 + Level 8.9 Dodging
 + Level 8.6 Stealth
 + Level 7.5 Shields
 + Level 7.5 Unarmed Combat
 + Level 9.1 Spellcasting
 + Level 6.2 Conjurations
 + Level 6.2 Hexes
 + Level 6.2 Summonings
 + Level 9.5 Necromancy
 + Level 6.2 Translocations
 + Level 6.2 Transmutations
 + Level 6.2 Fire Magic
 + Level 6.2 Ice Magic
 + Level 6.2 Air Magic
 + Level 6.2 Earth Magic
 + Level 6.2 Poison Magic
 + Level 8.2 Invocations
 + Level 7.5 Evocations
 + Level 6.8 Shapeshifting


You had 21 spell levels left.
You knew the following spells:

 Your Spells              Type           Power      Damage    Failure   Level
a - Necrotise             Necr           100%       1d9       1%          1
b - Vampiric Draining     Necr           33%        2d8       1%          3
c - Sticky Flame          Conj/Fire      23%        2d4       11%         4

Your spell library contained the following spells:

 Spells                   Type           Power      Damage    Failure   Level
 Apportation              Tloc           46%        N/A       1%          1
 Summon Small Mammal      Summ           92%        N/A       1%          1
 Wereblood                Tmut           23%        N/A       1%          2
 Call Canine Familiar     Summ           23%        N/A       3%          3
 Inner Flame              Hex/Fire       23%        N/A       3%          3
 Summon Guardian Golem    Hex/Summ       23%        N/A       3%          3
 Agony                    Necr           33%        N/A       8%          5
 Flame Wave               Conj/Fire      23%        2d8       11%         4
 Olgreb's Toxic Radiance  Pois           23%        N/A       11%         4
 Irradiate                Conj/Tmut      11%        3d15      30%         5
 Discord                  Hex            11%        N/A       100%        8
 Ignition                 Fire           11%        3d5       100%        8
 Animate Dead             Necr           Unusable   N/A       N/A         4

Dungeon Overview and Level Annotations

Branches:
Dungeon (10/15)            Temple (0/1) D:5            Lair (2/5) D:10
Volcano (visited)         Gauntlet (1/1)
  Swamp: Lair:2-3    Shoals: Lair:2-3     Snake: Lair:2-3    Spider: Lair:2-3
    Orc: D:9-12

Altars:
Ashenzari
Gozag
Kikubaaqudgha
Nemelex Xobeh
Wu Jian
Zin

Shops:
D:4 *

Annotations:
D:3 Ijyb
D:6 exclusion: two-headed ogre Gauntlet 13 transporters, 21 runed translucent doors, exclusions: 2 lightning spires and oklob plant


Innate Abilities, Weirdness & Mutations

You have very sharp teeth.
Your uncanny sense of smell can sniff out nearby items.
Your experience applies equally to all skills.


Message History

Press: ? - help, Shift-Dir - straight line, f/p - dire elephant
Aim: a dire elephant (severely wounded, poisoned, slow)
You draw life force from the dire elephant.
You feel life coursing into your body.
Casting: Vampiric Draining (safe; 1% risk of failure)
Confirm with . or Enter, or press ? or * to list all spells.
Aiming: Vampiric Draining (safe; 1% risk of failure)
Press: ? - help, Shift-Dir - straight line, f/p - dire elephant
Aim: a dire elephant (severely wounded, poisoned, slow)
You draw life force from the dire elephant!
You feel life coursing into your body. The dire elephant tramples you!
You hold your ground!
The dire elephant trunk-slaps you!
Unknown command.
Casting: Vampiric Draining (safe; 1% risk of failure)
Confirm with . or Enter, or press ? or * to list all spells.
Aiming: Vampiric Draining (safe; 1% risk of failure)
Press: ? - help, Shift-Dir - straight line, f/p - dire elephant
Aim: a dire elephant (severely wounded, poisoned, slow)
You draw life force from the dire elephant.
You feel life coursing into your body.
The dire elephant is no longer moving slowly.
The dire elephant barely misses you. The dire elephant trunk-slaps you.
Press: ? - help, v - describe, . - travel, g - get item
Here: a dire elephant (severely wounded, poisoned) Item here: a curare-tipped dart.
The floor.
You barely miss the dire elephant.
The dire elephant is severely wounded.
Aiming: Iceblast
Press: ? - help, Shift-Dir - straight line, p - dire elephant The mass of ice explodes!
The iceblast engulfs the dire elephant!
The dire elephant is almost dead.
The dire elephant closely misses you. The dire elephant misses you.
Aiming: Iceblast
Press: ? - help, Shift-Dir - straight line The mass of ice explodes!
The iceblast engulfs the dire elephant!
The dire elephant is almost dead.
The dire elephant tramples you!!
You die...
Your body crumbles into a pile of gold.

### ### ### ### #8# #8# #8# #8#
#################
#≈.............≈#
###...............###
#8#..###########..#8#
###..#....≈..Y@#..###
#....#≈≈.≈≈.≈≈≈#....#
#....#..≈..≈≈..#....#
#..###)≈.≈≈....###..#
###..#©#©..≈©.≈≈.#©#..### ###
#8#..#.#?..≈≈.≈.≈#.#..#8# #8#
###..#.#≈.≈..≈..≈#.#..###########
.....#.#.≈≈≈..≈≈.#.#..........#8#
.....#.#[...≈≈...#.#..........###


You could see a dire elephant (poisoned).

Vanquished Creatures
  A centaur warrior (Volcano)
  2 two-headed ogres
  A hell knight (Volcano)
  An elephant (Gauntlet)
  2 black mambas
  3 cane toads
  3 yaktaurs (Volcano)
  4 komodo dragons
  A queen bee (Gauntlet)
  4 blink frogs (Lair:2)
  A wraith (D:10)
  A shadow (D:10)
  Sigmund (D:3)
  30 yaks
  A wyvern (D:10)
  Grum (D:10)
  2 steam dragons
  Edmund (D:4)
  3 wargs (D:10)
  6 water moccasins
  A black bear (D:4)
  A sky beast (D:7)
  3 ogres
  2 wolves (D:10)
  4 centaurs
  A phantom (D:5)
  3 kobold brigands
  5 bullfrogs
  3 gnoll sergeants
  4 scorpions
  11 wights
  12 killer bees
  A howler monkey (D:4)
  6 orc priests
  2 hounds
  3 gnoll boudas
  A jelly (D:5)
  Jessica (D:3)
  2 iguanas
  Natasha (D:3)
  11 orc wizards
  27 gnolls
  8 adders
  2 shadow imps
  2 ufetubi
  A worm (D:2)
  2 dart slugs (D:3)
  44 orcs
  6 ball pythons
  2 bat zombies (D:9)
  10 endoplasms
  7 giant cockroaches
  10 goblins
  2 hobgoblins
  6 jackals
  5 quokkas
  5 bats (D:1)
  4 frilled lizards
  24 kobolds
  6 rats (D:1)
  A rat zombie (D:9)
321 creatures vanquished.

Vanquished Creatures (collateral kills)
  A hobgoblin (D:1)
  A jackal (D:2)
2 creatures vanquished.

Grand Total: 323 creatures vanquished

Notes
Turn   | Place    | Note
-------+----------+-------------------------------------------
     0 | D:1      | splattery the Gnoll Necromancer began the quest for the
                  | Orb.
     0 | D:1      | Reached XP level 1. HP: 13/13 MP: 6/6
   207 | D:1      | Reached XP level 2. HP: 19/19 MP: 4/7
   550 | D:1      | Reached XP level 3. HP: 25/25 MP: 2/9
   570 | D:1      | Reached skill level 5 in Spellcasting
   812 | D:1      | Learned a level 3 spell: Vampiric Draining
   946 | D:2      | Reached skill level 1 in Invocations
  1115 | D:2      | Reached skill level 1 in Fighting
  1115 | D:2      | Reached skill level 1 in Short Blades
  1115 | D:2      | Reached skill level 1 in Long Blades
  1115 | D:2      | Reached skill level 1 in Axes
  1115 | D:2      | Reached skill level 1 in Maces & Flails
  1115 | D:2      | Reached skill level 1 in Polearms
  1115 | D:2      | Reached skill level 1 in Staves
  1115 | D:2      | Reached skill level 1 in Ranged Weapons
  1115 | D:2      | Reached skill level 1 in Throwing
  1115 | D:2      | Reached skill level 1 in Armour
  1115 | D:2      | Reached skill level 1 in Shields
  1115 | D:2      | Reached skill level 1 in Unarmed Combat
  1115 | D:2      | Reached skill level 1 in Evocations
  1353 | D:2      | Reached XP level 4. HP: 29/32 MP: 7/11
  1429 | D:2      | Reached skill level 1 in Shapeshifting
  1533 | D:2      | Found an opulent altar of Gozag.
  1544 | D:2      | Became a worshipper of Gozag Ym Sagoz the Greedy
  1730 | D:3      | Noticed Ijyb
  1844 | D:3      | Noticed Natasha
  1848 | D:3      | Killed Natasha
  1849 | D:3      | Reached skill level 1 in Conjurations
  1849 | D:3      | Reached skill level 1 in Hexes
  1849 | D:3      | Reached skill level 1 in Summonings
  1849 | D:3      | Reached skill level 1 in Translocations
  1849 | D:3      | Reached skill level 1 in Transmutations
  1849 | D:3      | Reached skill level 1 in Fire Magic
  1849 | D:3      | Reached skill level 1 in Ice Magic
  1849 | D:3      | Reached skill level 1 in Air Magic
  1849 | D:3      | Reached skill level 1 in Earth Magic
  1849 | D:3      | Reached skill level 1 in Poison Magic
  1887 | D:3      | Noticed Jessica
  1899 | D:3      | Killed Jessica
  1900 | D:3      | Reached XP level 5. HP: 24/37 MP: 6/12
  2162 | D:3      | Noticed Sigmund
  2291 | D:3      | Killed Sigmund
  2292 | D:3      | Reached skill level 5 in Dodging
  2292 | D:3      | Reached XP level 6. HP: 36/44 MP: 11/14
  2400 | D:3      | Found an opulent altar of Gozag.
  2609 | D:4      | Noticed Edmund
  2901 | D:4      | Identified the +10 falchion "Hydrabane" {drain, *Rage rC++
                  | rN+++ Int-4 Stlth+}
  3018 | D:4      | Reached XP level 7. HP: 39/50 MP: 12/15
  3501 | D:4      | Found Gkom's Goods Gallery.
  3595 | D:4      | Reached skill level 5 in Stealth
  3785 | D:4      | Killed Edmund
  3850 | D:5      | Entered Level 5 of the Dungeon
  3871 | D:5      | Reached XP level 8. HP: 57/57 MP: 13/16
  4140 | D:5      | Found a staircase to the Ecumenical Temple.
  4517 | D:5      | Found a sparkling altar of Nemelex Xobeh.
  5266 | D:6      | Noticed a yak
  5275 | D:6      | Killed a yak
  5280 | D:6      | Noticed a two-headed ogre
  5309 | D:6      | Killed a two-headed ogre
  5310 | D:6      | Reached XP level 9. HP: 34/65 MP: 13/18
  5415 | D:6      | Noticed a komodo dragon
  5415 | D:6      | Noticed a two-headed ogre
  5468 | D:6      | Killed a komodo dragon
  5629 | D:6      | Identified the +0 dagger "Xogiep" {drain, Will+}
  5647 | D:6      | Identified the +0 great sword "Caotoup" {flame, Drain Str+5
                  | Stlth+}
  5901 | D:6      | Reached skill level 5 in Invocations
  6112 | D:6      | Found a broken altar of Ashenzari.
  7369 | D:7      | Reached XP level 10. HP: 67/67 MP: 20/20
  7694 | D:8      | Found a glowing silver altar of Zin.
  7695 | D:8      | Noticed an angel
  7736 | D:8      | Reached skill level 5 in Fighting
  7736 | D:8      | Reached skill level 5 in Short Blades
  7736 | D:8      | Reached skill level 5 in Long Blades
  7736 | D:8      | Reached skill level 5 in Axes
  7736 | D:8      | Reached skill level 5 in Maces & Flails
  7736 | D:8      | Reached skill level 5 in Polearms
  7736 | D:8      | Reached skill level 5 in Staves
  7736 | D:8      | Reached skill level 5 in Ranged Weapons
  7736 | D:8      | Reached skill level 5 in Throwing
  7736 | D:8      | Reached skill level 5 in Armour
  7736 | D:8      | Reached skill level 5 in Shields
  7736 | D:8      | Reached skill level 5 in Unarmed Combat
  7736 | D:8      | Reached skill level 5 in Evocations
  8068 | D:8      | Noticed a cyclops
  9208 | D:9      | Found an ancient bone altar of Kikubaaqudgha.
  9302 | D:9      | Noticed a two-headed ogre
  9306 | D:9      | Killed a two-headed ogre
  9307 | D:9      | Reached skill level 5 in Shapeshifting
 10536 | D:10     | Entered Level 10 of the Dungeon
 10718 | D:10     | Reached XP level 11. HP: 77/80 MP: 22/22
 10791 | D:10     | Reached skill level 5 in Conjurations
 10791 | D:10     | Reached skill level 5 in Hexes
 10791 | D:10     | Reached skill level 5 in Summonings
 10791 | D:10     | Reached skill level 5 in Translocations
 10791 | D:10     | Reached skill level 5 in Transmutations
 10791 | D:10     | Reached skill level 5 in Fire Magic
 10791 | D:10     | Reached skill level 5 in Ice Magic
 10791 | D:10     | Reached skill level 5 in Air Magic
 10791 | D:10     | Reached skill level 5 in Earth Magic
 10791 | D:10     | Reached skill level 5 in Poison Magic
 10853 | D:10     | Noticed Grum
 10905 | D:10     | Killed Grum
 11087 | D:10     | Found an ornate altar of the Wu Jian Council.
 11502 | D:10     | Found a staircase to the Lair.
 11737 | Lair:1   | Entered Level 1 of the Lair of Beasts
 11806 | Lair:1   | Found a dark tunnel.
 11817 | Volcano  | Entered a volcano
 11833 | Volcano  | Noticed a centaur warrior
 11845 | Volcano  | Killed a centaur warrior
 11849 | Volcano  | Found a burning altar of Makhleb.
 11851 | Volcano  | Noticed a hell knight
 11925 | Volcano  | Killed a hell knight
 12604 | Lair:1   | Identified the +2 dagger "Woatagug" {pain, rPois rN++ MP+9
                  | Str-3}
 13063 | Lair:1   | Reached XP level 12. HP: 68/89 MP: 23/24
 14102 | Lair:2   | Found a gate leading to a gauntlet.
 14143 | Gauntlet | Entered a Gauntlet
 14143 | Gauntlet | Found a transporter.
 14143 | Gauntlet | Found a transporter.
 14257 | Gauntlet | Found a transporter.
 14257 | Gauntlet | Found a transporter.
 14260 | Gauntlet | Noticed a death scarab
 14264 | Gauntlet | Noticed a death scarab
 14265 | Gauntlet | Noticed an entropy weaver
 14277 | Gauntlet | Found a transporter.
 14277 | Gauntlet | Found a transporter.
 14277 | Gauntlet | Found a transporter.
 14280 | Gauntlet | Found a transporter.
 14287 | Gauntlet | Noticed a ghost crab
 14307 | Gauntlet | Found a transporter.
 14314 | Gauntlet | Found a transporter.
 14332 | Gauntlet | Found a transporter.
 14358 | Gauntlet | Found a large runed translucent door.
 14383 | Gauntlet | Found a transporter.
 14393 | Gauntlet | Found a transporter.
 14395 | Gauntlet | Found a large runed translucent door.
 14395 | Gauntlet | Found a large runed translucent door.
 14396 | Gauntlet | Found a large runed translucent door.
 14396 | Gauntlet | Found a large runed translucent door.
 14397 | Gauntlet | Found a runed translucent door.
 14397 | Gauntlet | Found a large runed translucent door.
 14397 | Gauntlet | Found a runed translucent door.
 14397 | Gauntlet | Found a large runed translucent door.
 14397 | Gauntlet | Found a large runed translucent door.
 14398 | Gauntlet | Found a large runed translucent door.
 14398 | Gauntlet | Found a large runed translucent door.
 14401 | Gauntlet | Found a large runed translucent door.
 14401 | Gauntlet | Found a large runed translucent door.
 14403 | Gauntlet | Found a large runed translucent door.
 14403 | Gauntlet | Found a large runed translucent door.
 14403 | Gauntlet | Found a large runed translucent door.
 14405 | Gauntlet | Found a runed translucent gate.
 14405 | Gauntlet | Found a runed translucent gate.
 14405 | Gauntlet | Found a runed translucent gate.
 14407 | Gauntlet | Found a transporter.
 14418 | Gauntlet | Found a large runed translucent door.
 14507 | Gauntlet | Found a transporter.
 14509 | Gauntlet | Noticed a dire elephant
 14521 | Gauntlet | Found a transporter.
 14652 | Gauntlet | Learned a level 4 spell: Sticky Flame
 14824 | Gauntlet | Slain by a dire elephant

Illustrated notes

Levels and vault maps discovered:
D:1:      dpeg_arrival_prison, layout_rooms, roderic_roman_lattice
D:2:      layout_loops_ring, basic_altar
D:3:      layout_basic, marbit_many_paths, mainiacjoe_overflow_tiny_flanked,
          st_stairs_4, chequers_avenue, uniq_natasha, uniq_sigmund,
          uniq_grinder, uniq_ijyb, uniq_jessica
D:4:      layout_basic, nicolae_alphabet_shops, minmay_surrounded, uniq_edmund
D:5:      layout_basic, nemelex_spade_bored_becter, minmay_temple_entry_tees
D:6:      layout_cave_pools, nicolae_overflow_hidden_temple,
          chequers_serial_rivers_micro_c, kb_rosetta
D:7:      layout_basic, hangedman_abyss_or_decor_slice
D:8:      minmay_angry_zag, layout_basic, zin_angel
D:9:      layout_basic, lemuel_zombie_altar_kikubaaqudgha,
          hangedman_abyss_or_decor_stabs
D:10:     layout_stronghold, mainiacjoe_overflow_brackets,
          erik_lair_orcish_takeover, uniq_grum
Lair:1:   layout_chaotic_city, enter_volcano_2
Lair:2:   layout_regular_city, gauntlet_entry_generic, wad_woods_06
Gauntlet: gammafunk_gauntlet_branching [gammafunk_gauntlet_arena_open,
          gammafunk_gauntlet_arena_chambers,
          nicolae_gauntlet_arena_flowing_pool, gammafunk_gauntlet_arena_corners,
          gammafunk_gauntlet_arena_spirals,
          minmay_gauntlet_arena_make_your_own_arena,
          nicolae_gauntlet_arena_blocks, gammafunk_gauntlet_arena_grid,
          gauntlet_exit_hidden_loot]

Skill      XL: |  1  2  3  4  5  6  7  8  9 10 11 12 |
---------------+-------------------------------------+-----
Spellcasting   | 5 6 7 8 9 |  9.1
Invocations    | 1 2 3 4 5 6 7 8 |  8.2
Fighting       | 1 2 4 5 6 7 |  7.5
Short Blades   | 1 2 4 5 6 7 |  7.5
Long Blades    | 1 2 4 5 6 7 |  7.5
Axes           | 1 2 4 5 6 7 |  7.5
Maces & Flails | 1 2 4 5 6 7 |  7.5
Polearms       | 1 2 4 5 6 7 |  7.5
Staves         | 1 2 4 5 6 7 |  7.5
Ranged Weapons | 1 2 4 5 6 7 |  7.5
Throwing       | 1 2 4 5 6 7 |  7.5
Armour         | 1 2 4 5 6 7 |  7.5
Shields        | 1 2 4 5 6 7 |  7.5
Unarmed Combat | 1 2 4 5 6 7 |  7.5
Evocations     | 1 2 4 5 6 7 |  7.5
Shapeshifting  | 1 2 3 4 5 6 |  6.8
Conjurations   | 1 2 3 4 5 6 |  6.2
Hexes          | 1 2 3 4 5 6 |  6.2
Summonings     | 1 2 3 4 5 6 |  6.2
Translocations | 1 2 3 4 5 6 |  6.2
Transmutations | 1 2 3 4 5 6 |  6.2
Fire Magic     | 1 2 3 4 5 6 |  6.2
Ice Magic      | 1 2 3 4 5 6 |  6.2
Air Magic      | 1 2 3 4 5 6 |  6.2
Earth Magic    | 1 2 3 4 5 6 |  6.2
Poison Magic   | 1 2 3 4 5 6 |  6.2
Dodging        | 5 6 7 8 |  8.9
Stealth        | 5 6 7 8 |  8.6
Necromancy     | 8 9 |  9.5

Action                     |  1- 3 |  4- 6 |  7- 9 | 10-12 || total
---------------------------+-------+-------+-------+-------++-------
  Melee: Dagger            |     9 |    30 |   125 |   281 ||   445
         Bite              |     1 |     4 |    39 |   133 ||   177
         Punch             |       |     1 |    13 |    13 ||    27
         Whip              |       |       |   184 |   461 ||   645
         Flail             |       |       |     5 |       ||     5
  Throw: Dart              |       |     1 |    17 |     3 ||    21
   Cast: Necrotise         |    63 |    71 |   117 |    57 ||   308
         Vampiric Draining |       |     1 |    17 |    61 ||    79
  Evoke: Wand              |       |       |       |    12 ||    12
    Use: Scroll            |       |       |     3 |    11 ||    14
         Potion            |       |       |       |     1 ||     1
   Stab: Sleeping          |       |       |     5 |     7 ||    12
         Distracted        |       |       |     1 |     4 ||     5
         Paralysed         |       |       |       |    17 ||    17
 Armour: Robe              |     6 |    18 |   188 |   257 ||   469
  Dodge: Dodged            |     5 |    28 |   230 |   330 ||   593
  Block: Other             |       |       |       |    41 ||    41
         Reflection        |       |       |       |     6 ||     6
         Buckler           |       |       |       |   156 ||   156

Table legend: (Time is in decaauts)
 A = Elapsed time spent in this place.
 B = Non-inter-level travel time spent in this place.
 C = Inter-level travel time spent in this place.
 D = Time resting spent in this place.
 E = Time spent auto-exploring this place.
 F = Levels seen in this place.
 G = Mean time per level.
                   A        B        C        D        E       F      G
               +--------+--------+--------+--------+--------+-----+--------+
         Total |  14592 |  14181 |    411 |   2853 |   7379 |  14 | 1042.3 |
       Dungeon |  11630 |  11248 |    382 |   2310 |   6137 |  10 | 1163.0 |
          Lair |   1935 |   1906 |     29 |    423 |    825 |   2 |  967.5 |
       Volcano |    350 |    350 |      0 |    120 |     34 |   1 |  350.0 |
      Gauntlet |    675 |    675 |      0 |      0 |    383 |   1 |  675.0 |
               +--------+--------+--------+--------+--------+-----+--------+

Top non-repeatable levels by time:
  Lair:1: 1665 daAuts
     D:8: 1631 daAuts
     D:7: 1507 daAuts
     D:6: 1266 daAuts
     D:4: 1262 daAuts
    D:10: 1188 daAuts
     D:9: 1134 daAuts
     D:5: 1051 daAuts
     D:1: 942 daAuts
     D:2: 906 daAuts
     D:3: 741 daAuts
Gauntlet: 675 daAuts
 Volcano: 350 daAuts
  Lair:2: 270 daAuts
